 Dungeon Crawl Stone Soup version 0.26.0-11-g8f856b5395 (webtiles) character file.

Game seed: 9213728729397345900

31 hawla the Conjurer (level 3, -3/28 HPs)
             Began as a Draconian Conjurer on Jan 15, 2021.
             Slain by Crazy Yiuf
             ... wielding a +4 quarterstaff of chaos
              (7 damage)
             ... on level 2 of the Dungeon.
             The game lasted 00:03:43 (1803 turns).

hawla the Conjurer (Draconian Conjurer)             Turns: 1803, Time: 00:03:44

Health: -3/28      AC:  7    Str:  9    XL:     3   Next: 7%
Magic:  3/7        EV: 17    Int: 19    God:
Gold:   28         SH:  0    Dex:  9    Spells: 5/8 levels left

rFire    . . .     SeeInvis .   b - +0 short sword
rCold    . . .     Faith    .   (no shield)
rNeg     . . .     Spirit   .   (armour unavailable)
rPois    .         Reflect  .   (helmet restricted)
rElec    .         Harm     .   (no cloak)
rCorr    .         Rampage  .   e - +1 pair of gloves
Will     .....                  (no boots)
Stlth    ++........             (no amulet)
HPRegen  0.09/turn              (no ring)
MPRegen  0.10/turn              (no ring)

@: agile, attractive, very slightly contaminated, hasted, invisible, very quick
A: unfitting armour, cold-blooded, AC +5
a: no special abilities


You were on level 2 of the Dungeon.
You visited 1 branch of the dungeon, and saw 2 of its levels.

You collected 28 gold pieces.

Inventory:

Hand Weapons
 b - a +0 short sword (weapon)
Missiles
 c - 12 poisoned darts
Armour
 e - a +1 pair of gloves (worn)
Scrolls
 a - a scroll of fog
 g - a scroll of enchant weapon {unknown}
 h - a scroll of identify {unknown}
 i - a scroll of fear
 j - a scroll of teleportation {unknown}
Potions
 d - a potion of attraction
 f - a potion of ambrosia


   Skills:
 - Level 1.0 Fighting
 - Level 2.0 Dodging
 - Level 2.0 Stealth
 + Level 3.0 Spellcasting
 - Level 4.0 Conjurations


You had 5 spell levels left.
You knew the following spells:

 Your Spells              Type           Power        Failure   Level
a - Magic Dart            Conj           72%          3%          1
b - Searing Ray           Conj           36%          4%          2

Your spell library contained the following spells:

 Spells                   Type           Power        Failure   Level
 Dazzling Flash           Conj/Hex       20%          21%         3
 Fulminant Prism          Conj/Hex       5%           54%         4
 Iskenderun's Mystic Bla  Conj/Tloc      10%          54%         4


Dungeon Overview and Level Annotations

Branches:
Dungeon (2/15)

Altars:

Annotations:
D:2 Crazy Yiuf


Innate Abilities, Weirdness & Mutations

Your plain brown scales are hard. (AC +5)
You cannot fit into any form of body armour.
You are cold-blooded and may be slowed by cold attacks.


Message History

The searing ray hits Crazy Yiuf.
Crazy Yiuf is heavily wounded. (Press . to maintain the ray.) Crazy Yiuf hits you with a +4 quarterstaff of chaos!
* * * LOW HITPOINT WARNING * * *
Crazy Yiuf burns you.
* * * LOW HITPOINT WARNING * * *
You see here a mace.
Crazy Yiuf is pulled toward you!
You see here a mace.
Casting: Searing Ray (safe; 4% risk of failure)
Confirm with . or Enter, or press ? or * to list all spells.
Aiming: Searing Ray (safe; 4% risk of failure)
Press: ? - help, Shift-Dir - straight line, f/p - Crazy Yiuf
Aim: Crazy Yiuf, wielding a +4 quarterstaff of chaos and wearing a +0 cloak (heavily wounded, 19% to evade)
The searing ray hits Crazy Yiuf.
Crazy Yiuf is severely wounded. (Press . to maintain the ray.) Crazy Yiuf hits you with a +4 quarterstaff of chaos!
You die...

##...#..##
##......
#...#..##
####.#.
#....###
###....
##..## #####
#......
♣....♣ #...#
#.##...
♣♣..)♣
###'#########
♣♣)♣♣
##.≈≈≈≈≈≈≈≈
♣♣)♣
####≈.......§
♣@♣♣
#..#≈§#....#.
♣♣g♣
##.#≈§.......
♣)♣♣
#.#§...##...
#'#
#.#≈...##...
)))
#.#§........
#)))#
#.#§§#....#§
#).)#
#.#§........
#####
#.#.≈≈§≈≈≈§≈
#.'#########


You could see Crazy Yiuf.

Vanquished Creatures
  An adder (D:2)
  5 hobgoblins
  2 jackals (D:2)
  4 kobolds
  2 ball pythons (D:2)
  3 bats (D:2)
  A goblin (D:1)
  3 rats (D:1)
21 creatures vanquished.

Notes
Turn   | Place    | Note
-------+----------+-------------------------------------------
     0 | D:1      | hawla the Draconian Conjurer began the quest for the Orb.
     0 | D:1      | Reached XP level 1. HP: 14/14 MP: 3/3
   539 | D:1      | Reached XP level 2. HP: 22/22 MP: 3/5
   554 | D:1      | Learned a level 2 spell: Searing Ray
  1030 | D:2      | Found a runed translucent door.
  1031 | D:2      | Noticed Crazy Yiuf
  1048 | D:2      | Reached skill level 1 in Fighting
  1369 | D:2      | Found a faded altar of an unknown god.
  1432 | D:2      | Reached XP level 3. HP: 28/28 MP: 4/7
  1803 | D:2      | Slain by Crazy Yiuf

Illustrated notes

Levels and vault maps discovered:
D:1:      psy_arrival_wood_between_worlds, layout_basic, minivault_11,
          chequers_serial_rivers_marsh, minmay_cut_off
D:2:      layout_rooms, chequers_ecumenical_altar_island,
          kennysheep_pointless_box, minmay_misc_feat_pillars,
          uniq_crazy_yiuf_cottage

Skill      XL: |  1  2  3 |
---------------+----------+-----
Stealth        | 2 |  2.0
Dodging        | 2 |  2.0
Fighting       | 1 |  1.0
Spellcasting   | 3 |  3.0
Conjurations   | |  4.0

Action                   || total
-------------------------++-------
Melee: Short sword       ||    19
 Cast: Magic Dart        ||    33
       Searing Ray       ||     6
  Use: Scroll            ||     3
       Potion            ||     3
 Stab: Invisible         ||     1
Armor: Skin              ||     1
Dodge: Dodged            ||    14
